 Dungeon Crawl Stone Soup version 0.24.0-125-gc4c63601f3 (webtiles) character file.

Game seed: 18063036331138542829, levelgen mode: deterministic

149 Erestor the Insei (level 5, -2/38 HPs)
             Began as a Merfolk Transmuter on Mar 4, 2020.
             Splashed by a goblin's acid (13 damage)
             ... on level 3 of the Dungeon.
             The game lasted 00:23:46 (1497 turns).

Erestor the Insei (Merfolk Transmuter)              Turns: 1497, Time: 00:23:47

Health: -2/38      AC:  0    Str: 11    XL:     5   Next: 31%
Magic:  8/8        EV: 13    Int: 12    God:
Gold:   155        SH:  0    Dex: 15    Spells: 2/8 levels left

rFire    . . .     SeeInvis .     - Unarmed
rCold    + . .     Gourm    .   (no shield)
rNeg     . . .     Faith    .   b - +0 robe
rPois    .         Spirit   .   p - +1 helmet
rElec    .         Reflect  .   (no cloak)
rCorr    .         Harm     .   (no gloves)
MR       .....                  (no boots)
Stlth    ++........             (no amulet)
HPRegen  0.12/turn              c - ring of protection from cold {!d}
MPRegen  0.11/turn              (no ring)

@: corroded
A: change form in water, swift swim, stealthy swim
a: no special abilities


You were on level 3 of the Dungeon.
You were not hungry.

You visited 1 branch of the dungeon, and saw 3 of its levels.

You collected 155 gold pieces.

Inventory:

Hand Weapons
 e - a +0 short sword
 g - a +0 dagger
 i - a +0 dagger
 n - a +0 hunting sling
 o - a +0 falchion of slicing
 v - a +0 scythe
Missiles
 a - 2 arrows
 q - 16 stones
 r - 12 poisoned darts (quivered)
Armour
 b - a +0 robe (worn)
 p - a +1 helmet (worn)
Jewellery
 c - a ring of protection from cold (left hand) {!d}
Wands
 u - a wand of polymorph (6)
Scrolls
 f - 2 scrolls of identify
 j - a scroll of teleportation {unknown}
 k - a scroll of amnesia {unknown}
 m - a scroll of enchant weapon {unknown}
 w - a scroll of remove curse {unknown}
Potions
 h - a potion of cancellation
 l - a potion of mutation {!q}
 s - a potion of agility
 t - 2 potions of might
 x - a potion of curing
Comestibles
 d - 9 rations


   Skills:
 - Level 2.0 Fighting
 - Level 3.0 Dodging
 - Level 2.2 Stealth
 - Level 5.0 Unarmed Combat
 - Level 2.0 Spellcasting
 + Level 3.9 Transmutations


You had 2 spell levels left.
You knew the following spells:

 Your Spells              Type           Power        Failure   Level  Hunger
s - Sticks to Snakes      Tmut           ##......     9%          2    ###....
z - Beastly Appendage     Tmut           ##....       5%          1    ##.....
S - Spider Form           Tmut/Pois      #.........   36%         3    ####...

Your spell library contained the following spells:

 Spells                   Type           Power        Failure   Level  Hunger
 Ice Form                 Ice/Tmut       #.......     77%         4    #####..
 Blade Hands              Tmut           ##........   83%         5    ######.


Dungeon Overview and Level Annotations

Branches:
Dungeon (3/15)

Altars:

Annotations:
D:2 robin, exclusion: upstairs


Message History

Press: ? - help, v - describe, . - travel, g - get item A stone.
The floor.
Unknown command.
Press: ? - help, v - describe, . - travel, g - get item 9 stones.
The floor.
q - 16 stones (gained 9)
A goblin comes into view. It is carrying a wand of acid (3).
You now have 155 gold pieces (gained 10).
Found 13 arrows.
The goblin shouts!
The goblin hits you.
You barely miss the goblin. The goblin barely misses you.
You completely miss the goblin.
The goblin zaps a wand.
The bolt of acid hits you!!
Ouch! That really hurt!
* * * LOW HITPOINT WARNING * * *
The acid corrodes you!
You are splashed with acid!
You die...

......###.##...###......
## ##......#.#..........
####...........##.#.###
##.........#.#.#.....#
........#..#........##
.................####
.................#
..................#
.......@..........#
......g...........#
..................#
..................#
...l.............
.......(.........
..#.......#.....
..#.###########


You could see a goblin and a frilled lizard.

Vanquished Creatures
  A scorpion (D:3)
  2 adders (D:2)
  An ooze (D:2)
  A worm (D:2)
  A leopard gecko (D:2)
  An orc (D:3)
  8 giant cockroaches
  5 hobgoblins
  3 jackals (D:3)
  7 kobolds
  A quokka (D:2)
  5 bats
  4 frilled lizards
  9 goblins
  6 rats
55 creatures vanquished.

Vanquished Creatures (collateral kills)
  Jessica (D:3)
  Robin (D:2)
  An adder (D:3)
  A goblin (D:3)
4 creatures vanquished.

Vanquished Creatures (others)
  4 toadstools (D:2)
4 creatures vanquished.

Grand Total: 63 creatures vanquished

Notes
Turn   | Place    | Note
-------+----------+-------------------------------------------
     0 | D:1      | Erestor the Merfolk Transmuter began the quest for the Orb.
     0 | D:1      | Reached XP level 1. HP: 15/15 MP: 3/3
     0 | D:1      | //stairs down near exit
   179 | D:1      | Reached XP level 2. HP: 21/21 MP: 3/5
   191 | D:1      | Learned a level 2 spell: Sticks to Snakes
   339 | D:1      | //white robe btw
   422 | D:1      | Reached skill level 4 in Unarmed Combat
   430 | D:1      | Reached skill level 1 in Stealth
   436 | D:1      | //oh, gnoll D:1
   480 | D:2      | Reached XP level 3. HP: 23/26 MP: 1/6
   481 | D:2      | //Str
   813 | D:2      | //6 ids (!)
   902 | D:2      | //[T FFC H]
   938 | D:2      | Reached XP level 4. HP: 6/33 MP: 1/7
   939 | D:2      | //pot inv as emergency vs 2 adders (already red pois)
  1031 | D:2      | Noticed Robin
  1049 | D:2      | Killed Robin
  1070 | D:2      | //+1 helmet from robin
  1070 | D:2      | //-> no horns possible (but 2 AC -> 4 AC)
  1085 | D:2      | //ring rC+
  1113 | D:2      | //darts
  1250 | D:2      | //2 pots might
  1259 | D:3      | Noticed Jessica
  1266 | D:3      | Killed Jessica
  1274 | D:3      | //rod poly from jess
  1288 | D:3      | Reached skill level 5 in Unarmed Combat
  1372 | D:3      | Noticed Sigmund
  1402 | D:3      | Noticed Sigmund
  1402 | D:3      | Sigmund changed into Sigmund the scorpion
  1403 | D:3      | //poly sigmund to scorp
  1408 | D:3      | Killed Sigmund the scorpion
  1408 | D:3      | Reached XP level 5. HP: 38/38 MP: 1/8
  1430 | D:3      | Learned a level 3 spell: Spider Form
  1497 | D:3      | Splashed by a goblin's acid

Levels and vault maps discovered:
D:1:      nzn_arrival_water_spiral, layout_loops_ring
D:2:      layout_loops_ring, minmay_gold_behind_fungi, uniq_robin
D:3:      layout_rooms, first_ration, tso_metal_star, uniq_ijyb, uniq_sigmund,
          uniq_jessica

Skill      XL: |  1  2  3  4 |
---------------+-------------+-----
Unarmed Combat | 4 5 |  5.0
Stealth        | 1 2 |  2.2
Transmutations | 3 |  3.9
Fighting       | 2 |  2.0
Dodging        | 3 |  3.0
Spellcasting   | |  2.0

Action                   |  1- 3 |  4- 6 || total
-------------------------+-------+-------++-------
Melee: Unarmed           |    87 |    54 ||   141
       Headbutt          |    15 |     3 ||    18
Throw: Stone             |    12 |     2 ||    14
       Dart              |       |    15 ||    15
 Cast: Beastly Appendage |    27 |     5 ||    32
       Sticks to Snakes  |     3 |     7 ||    10
Evoke: Wand              |       |     1 ||     1
  Use: Scroll            |     3 |     3 ||     6
       Potion            |     1 |     1 ||     2
 Stab: Sleeping          |     4 |     1 ||     5
  Eat: Chunk             |     1 |     1 ||     2
       Ration            |       |     1 ||     1
Armor: Robe              |     8 |    12 ||    20
Dodge: Dodged            |    50 |    30 ||    80
